 Dungeon Crawl Stone Soup version 0.27-a0-1090-gb115f176c6 (webtiles) character file.

Game seed: 8228360867295180468

175 robertstho the Magician (level 5, -2/35 HPs)
             Began as a Djinni Fire Elementalist on Apr 27, 2021.
             Slain by a hornet (9 damage)
             ... on level 4 of the Dungeon.
             The game lasted 00:04:26 (3957 turns).

robertstho the Magician (Djinni Fire Elementalist)  Turns: 3957, Time: 00:04:27

Health: -2/35      AC:  3    Str: 13    XL:     5   Next: 55%
Gold:   107        EV: 12    Int: 18    God:
                   SH:  0    Dex: 13

rFire    + + .     SeeInvis .   h - +1 flail
rCold    x . .     Faith    .   (no shield)
rNeg     . . .     Spirit   .   a - +0 robe
rPois    ∞         Reflect  .   (no helmet)
rElec    .         Harm     .   (no cloak)
rCorr    .         Rampage  .   b - +0 pair of gloves
Will     .....                  (boots unavailable)
Stlth    +.........             (no amulet)
HPRegen  0.11/turn              f - +6 ring of strength
MPRegen  0.00/turn              (no ring)

@: confused, ambrosia-drunk, flying
A: fire resistance 2, cold vulnerability 1, float, innate caster, hp casting,
extra vitality 1
a: no special abilities


You were on level 4 of the Dungeon.
You visited 1 branch of the dungeon, and saw 4 of its levels.

You collected 107 gold pieces.

Inventory:

Hand Weapons
 h - a +1 flail (weapon)
Armour
 a - a +0 robe (worn)
 b - a +0 pair of gloves (worn)
Jewellery
 f - a +6 ring of strength (left hand)
Wands
 c - a wand of flame (21)
 j - a wand of iceblast (7)
 r - a wand of digging (5)
Scrolls
 e - 5 scrolls of teleportation
 l - 2 scrolls of identify {unknown}
 n - a scroll of magic mapping
 p - a scroll of brand weapon {unknown}
 q - a scroll of vulnerability {unknown}
Potions
 g - a potion of might {unknown}
 i - a potion of berserk rage {unknown}
 k - a potion of attraction {unknown}
 m - a potion of lignification {unknown}
 o - 2 potions of resistance {unknown}


   Skills:
 + Level 0.1 Fighting
 + Level 2.6 Dodging
 + Level 2.1 Stealth
 + Level 4.8 Spellcasting


You couldn't memorise any spells.
You knew the following spells:

 Your Spells              Type           Power      Damage    Failure   Level
a - Foxfire               Conj/Fire      84%        2x1d8     1%          1
b - Conjure Flame         Conj/Fire      21%        6-21      5%          3
c - Inner Flame           Hex/Fire       21%        N/A       5%          3
d - Sticky Flame          Conj/Fire      21%        2d4       19%         4
e - Fireball              Conj/Fire      10%        3d6       45%         5
f - Magic Dart            Conj           84%        1d7       1%          1
g - Wereblood             Tmut           21%        N/A       2%          2
Your spell library was empty.

Dungeon Overview and Level Annotations

Branches:
Dungeon (4/15)
 Temple: D:4-7

Altars:
Trog


Innate Abilities, Weirdness & Mutations

You are immune to poison.
Your flesh is very heat resistant. (rF++)
You are vulnerable to cold. (rC-)
You float through the air rather than walking.
You learn spells naturally, not from books.
Your magical power is your life essence.
You have superior vitality. (+4 HP)


Message History

Casting: Foxfire (safe; 1% risk of failure)
Press: ? - help, Q - select action, (/) - cycle Dir - look around, f - activate You conjure some foxfire!
The orc closely misses you.
Unknown command.
The foxfire hits the orc.
The orc is heavily wounded.
The foxfire hits the orc.
The orc is severely wounded.
The foxfire hits the orc.
You kill the orc!
The foxfire hits the hornet.
The hornet is lightly wounded.
The foxfire hits the hornet.
The hornet is moderately wounded.
The foxfire hits the hornet!
The hornet is heavily wounded.
Casting: Foxfire (safe; 1% risk of failure)
Press: ? - help, Q - select action, (/) - cycle Dir - look around, f - activate You conjure some foxfire!
The hornet stings you!
Unknown command.
Casting: Foxfire (safe; 1% risk of failure)
Press: ? - help, Q - select action, (/) - cycle Dir - look around, f - activate You conjure some foxfire!
The hornet misses you. The hornet stings you!
* * * LOW HITPOINT WARNING * * *
The foxfire hits the goblin.
You kill the goblin!
Unknown command.
The foxfire hits the kobold.
You kill the kobold!
The foxfire hits the hornet but does no damage.
The hornet is heavily wounded.
The foxfire hits the hornet.
The hornet is severely wounded.
It was a potion of ambrosia.
You are confused.
You feel invigorated. The hornet barely misses you. The hornet stings you!
You die...

..... .....##. ......
#....##....#.. ......
#....#....#.. ......
#....#..........#....
#....#....##....#....
#....#....##.........
#...)#....#..........
#....yS...#..........
#...@.§...#..........
#.........##.........
...................##.#.
...................##+#.
......(.................
........................
........................
##.....#####............
.. #............


You could see a hornet and a ball python.

Vanquished Creatures
  A water moccasin skeleton (D:4)
  3 gnolls (D:2)
  4 adders
  A worm (D:3)
  An orc (D:4)
  6 endoplasms
  3 giant cockroaches
  5 goblins
  5 hobgoblins
  6 quokkas
  4 ball pythons
  6 bats
  3 frilled lizards
  6 kobolds
  A rat (D:1)
55 creatures vanquished.

Vanquished Creatures (others)
  269 foxfires
269 creatures vanquished.

Grand Total: 324 creatures vanquished

Notes
Turn   | Place    | Note
-------+----------+-------------------------------------------
     0 | D:1      | robertstho the Djinni Fire Elementalist began the quest for
                  | the Orb.
     0 | D:1      | Reached XP level 1. HP: 15/15 MP: 0/0
   422 | D:1      | Reached skill level 3 in Spellcasting
   422 | D:1      | Reached XP level 2. HP: 16/21 MP: 0/0
  1503 | D:2      | Reached XP level 3. HP: 16/25 MP: 0/0
  1503 | D:2      | Learned a level 1 spell: Magic Dart
  1798 | D:2      | Found a bloodstained altar of Trog.
  1966 | D:2      | Reached XP level 4. HP: 27/31 MP: 0/0
  2080 | D:2      | Found a faded altar of an unknown god.
  2331 | D:2      | Reached skill level 4 in Spellcasting
  3772 | D:4      | Reached XP level 5. HP: 29/35 MP: 0/0
  3772 | D:4      | Learned a level 2 spell: Wereblood
  3948 | D:4      | Noticed a hornet
  3957 | D:4      | Slain by a hornet

Illustrated notes

Levels and vault maps discovered:
D:1:      sevenhm_arrival_forest_fort_large_4, layout_rooms,
          chequers_serial_rivers_micro_d
D:2:      layout_rooms, basic_altar, hellmonk_ecumenical_altar_leap_of_faith,
          supply_closet_lemuel, corner_web_ring
D:3:      layout_basic
D:4:      layout_basic, lemuel_crystal_altar, okawaru_ov_weapons_minmay,
          serial_shops, shop, minmay_manual_moon

Skill      XL: |  1  2  3  4  5 |
---------------+----------------+-----
Spellcasting   | 3 4 |  4.8
Stealth        | 2 |  2.1
Fighting       | |  0.1
Dodging        | |  2.6

Action                   |  1- 3 |  4- 6 || total
-------------------------+-------+-------++-------
 Cast: Foxfire           |    80 |    90 ||   170
       Sticky Flame      |       |     2 ||     2
  Use: Scroll            |       |     6 ||     6
       Potion            |       |     1 ||     1
Armor: Robe              |     1 |     7 ||     8
Dodge: Dodged            |    12 |    17 ||    29

Table legend: (Time is in decaauts)
 A = Elapsed time spent in this place.
 B = Non-inter-level travel time spent in this place.
 C = Inter-level travel time spent in this place.
 D = Time resting spent in this place.
 E = Time spent auto-exploring this place.
 F = Levels seen in this place.
 G = Mean time per level.
                   A        B        C        D        E       F      G
               +--------+--------+--------+--------+--------+-----+--------+
         Total |   3956 |   3868 |     88 |    255 |   3219 |   4 |  989.0 |
       Dungeon |   3956 |   3868 |     88 |    255 |   3219 |   4 |  989.0 |
               +--------+--------+--------+--------+--------+-----+--------+

Top non-repeatable levels by time:
     D:1: 1507 daAuts
     D:2: 1120 daAuts
     D:3: 1092 daAuts
     D:4: 235 daAuts
